Map: [ESL] Royal Blood

Players

Solar - Winner!

  • Race: Zerg Zerg
  • Spawn Location: 7:00

ByuN

  • Race: Terran Terran
  • Spawn Location: 1:00

Event: ESL SC2 Masters 2023 Summer (Finals)

VOD

Have the link to the VOD?

Description

Time

  • Played on: June 16, 2023, 6:41 a.m.
  • Length: 17:05

All games in this series

Show
View Real Time Build Order
Export as new Build Order

Solar Zerg - Winner!

Build Orders: Hatch First 

Get SALT Encoding   

  12  0:00  Drone  
  13  0:12  Overlord  
  13  0:17  Drone  
  14  0:31  Drone x2  
  16  0:47  Hatchery  
  15  0:51  Drone  
  15  0:54  Drone  
  17  0:57  Drone  
  18  1:07  Extractor  
  17  1:12  Spawning Pool  
  17  1:15  Drone  
  17  1:19  Drone  
  18  1:27  Drone  
  19  1:38  Drone  
  20  1:50  Overlord  
  20  1:59  Queen x2  
  20  2:00  Zergling x4  
  26  2:10  Zergling x2  
  26  2:13  Drone, Metabolic Boost  
  29  2:22  Zergling x2  
  28  2:32  Hatchery, Zergling x2  
  28  2:42  Queen  
  30  2:44  Drone  
  30  2:49  Overlord  
  31  2:54  Drone  
  31  2:55  Drone  
  31  2:57  Drone  
  34  2:59  Drone  
  35  3:06  Drone  
  35  3:10  Zergling x2  
  37  3:13  Drone  
  37  3:14  Drone  
  37  3:16  Zergling x2  
  37  3:18  Drone  
  41  3:22  Queen  
  41  3:24  Overlord  
  41  3:26  Drone  
  44  3:40  Overlord  
  44  3:41  Queen  
  44  3:44  Drone x3  
  44  3:46  Queen  
  51  3:49  Drone  
  51  3:51  Drone  
  51  3:52  Drone  
  51  3:55  Drone x2  
  55  3:57  Drone  
  55  3:59  Drone  
  55  4:02  Drone x2  
  60  4:05  Drone x2  
  62  4:11  Overlord  
  62  4:14  Drone  
  62  4:15  Overlord  
  63  4:20  Drone x3  
  63  4:21  Extractor  
  65  4:29  Overlord, Queen x2  
  65  4:31  Drone  
  70  4:35  Drone x2, Baneling Nest  
  70  4:37  Drone  
  72  4:39  Drone  
  72  4:40  Drone  
  72  4:43  Drone x3  
  77  4:48  Drone  
  77  4:49  Drone  
  79  4:54  Zergling x2  
  79  4:55  Zergling x10  
  84  5:00  Zergling x2  
  84  5:04  Zergling x6  
  88  5:08  Overlord x2  
  88  5:12  Zergling x2  
  88  5:13  Overlord  
  89  5:18  Baneling x7  
  89  5:19  Zergling x2  
  89  5:21  Overlord  
  90  5:25  Queen  
  90  5:26  Zergling x6  
  85  5:30  Zergling x4  
  85  5:32  Lair  
  85  5:34  Queen, Zergling x2  
  85  5:38  Hatchery, Zergling x4  
  85  5:39  Zergling x2  
  85  5:42  Extractor, Zergling x2  
  87  5:43  Extractor  
  87  5:45  Zergling x4, Evolution Chamber  
  87  5:47  Zergling x4  
  89  5:50  Zergling x4  
  89  5:52  Drone x2  
  93  6:00  Drone  
  93  6:01  Drone x2  
  91  6:15  Drone x6  
  91  6:19  Zerg Ground Armor Level 1  
  91  6:20  Zergling x4  
  91  6:25  Zergling x2  
  94  6:29  Baneling x2  
  94  6:30  Extractor, Zergling x2  
  94  6:33  Evolution Chamber  
  94  6:34  Zergling x4  
  94  6:36  Queen  
  94  6:37  Centrifugal Hooks  
  94  6:38  Zergling x2  
  98  6:41  Zergling x2  
  98  6:43  Baneling x3  
  98  6:44  Overlord, Baneling  
  99  6:50  Zergling x10  
  99  6:52  Zergling x6  
  107  6:57  Baneling x3  
  107  6:58  Drone x2  
  107  7:00  Overlord  
  108  7:02  Zergling x2  
  108  7:06  Zergling x2  
  110  7:10  Zergling x2  
  110  7:12  Baneling x4  
  110  7:14  Hatchery  
  110  7:15  Zerg Melee Weapons Level 1  
  110  7:16  Zergling x6  
  110  7:17  Queen  
  110  7:19  Overlord  
  110  7:21  Zergling x6  
  118  7:23  Baneling x2, Zergling x4  
  118  7:24  Zergling x10  
  125  7:30  Zergling x2  
  125  7:33  Zergling x4  
  125  7:34  Drone x2  
  125  7:36  Zergling x4  
  131  7:40  Zergling x2  
  131  7:47  Drone  
  131  7:51  Zergling x12  
  135  7:56  Spore Crawler  
  135  7:58  Drone x4  
  124  8:07  Zergling x2  
  124  8:08  Zergling x4  
  124  8:11  Zergling x8  
  129  8:13  Drone  
  129  8:16  Drone  
  129  8:17  Queen x2  
  132  8:20  Drone, Baneling x3  
  132  8:23  Zergling x10  
  138  8:29  Zergling x6  
  141  8:34  Hydralisk Den  
  141  8:37  Drone x3  
  141  8:40  Overseer  
  143  8:42  Zerg Ground Armor Level 2  
  143  8:43  Drone, Baneling x4  
  143  8:44  Drone  
  143  8:46  Drone x2  
  147  8:48  Drone  
  147  8:49  Drone  
  147  8:52  Overlord  
  147  8:54  Drone x3  
  146  8:57  Drone x2  
  146  8:58  Zergling x4  
  146  9:02  Overlord  
  140  9:06  Overlord  
  140  9:07  Baneling x2  
  140  9:09  Grooved Spines  
  138  9:15  Hydralisk  
  134  9:20  Zergling x10  
  134  9:23  Zergling x6  
  142  9:25  Hatchery  
  142  9:28  Overlord  
  142  9:29  Hydralisk x2  
  144  9:33  Zergling x8  
  144  9:37  Zerg Melee Weapons Level 2  
  148  9:39  Zergling x2, Infestation Pit  
  148  9:40  Zergling x2  
  148  9:41  Baneling  
  148  9:42  Baneling x3  
  148  9:45  Drone x2  
  151  9:47  Drone x2  
  151  9:50  Hydralisk  
  155  9:52  Hydralisk  
  155  9:53  Hydralisk  
  155  9:56  Overlord  
  155  9:57  Overlord  
  159  10:05  Zergling x16  
  149  10:10  Baneling  
  149  10:11  Baneling x3, Zergling x8  
  149  10:12  Zergling x2  
  152  10:15  Zergling x6  
  152  10:20  Zergling x12  
  152  10:21  Muscular Augments  
  161  10:23  Overlord  
  151  10:30  Hydralisk x3  
  151  10:31  Zergling x6  
  138  10:42  Hydralisk x5  
  128  10:43  Zergling x6  
  128  10:47  Zergling x2  
  128  10:48  Zergling x6, Baneling x3  
  132  10:52  Hive  
  132  10:54  Hydralisk  
  132  10:56  Baneling x5  
  134  10:57  Zergling x4  
  134  11:00  Zergling x6  
  134  11:01  Zergling x2  
  134  11:02  Zergling x2  
  134  11:03  Zergling x4  
  143  11:05  Zergling x2  
  143  11:06  Hydralisk  
  143  11:07  Zergling x2  
  143  11:10  Zergling x6  
  147  11:14  Zergling x6  
  149  11:18  Hydralisk x3  
  149  11:19  Zergling x2  
  149  11:23  Baneling x10  
  156  11:25  Zergling x2  
  156  11:26  Zergling x4  
  156  11:32  Zergling x12  
  162  11:37  Zergling x14  
  168  11:43  Zergling x4  
  168  11:46  Zergling x16  
  177  11:53  Zergling x6  
  162  11:59  Zergling x8  
  151  12:05  Viper x2  
  151  12:06  Baneling  
  151  12:07  Baneling x8  
  155  12:11  Hydralisk x2  
  155  12:12  Zergling x2  
  155  12:15  Hatchery  
  158  12:16  Zergling x4  
  158  12:21  Adrenal Glands  
  158  12:22  Zergling x6  
  161  12:24  Baneling x5  
  161  12:27  Zergling x2  
  161  12:29  Zergling x2  
  163  12:32  Baneling x5  
  163  12:34  Baneling  
  163  12:36  Zergling x4  
  165  12:40  Zergling x2  
  165  12:41  Zergling x2  
  166  12:44  Zergling x8  
  166  12:47  Overlord  
  166  12:49  Baneling x2  
  166  12:50  Hydralisk x2  
  171  12:51  Zergling x2  
  171  12:52  Zergling x2  
  171  12:53  Zergling x2  
  171  12:54  Zergling x2  
  171  12:55  Hatchery  
  171  12:57  Zergling x6  
  176  13:02  Zergling x2  
  176  13:03  Zergling x6  
  180  13:08  Zergling x2  
  180  13:09  Zergling x4  
  180  13:10  Zergling x6  
  160  13:27  Hydralisk x9  
  160  13:30  Zergling x2  
  160  13:31  Zergling x4  
  160  13:32  Zergling x2  
  160  13:33  Zergling x2  
  183  13:40  Baneling x6  
  183  13:41  Zerg Missile Weapons Level 1  
  183  13:46  Zergling x8  
  187  13:51  Zergling x6  
  189  13:57  Zergling x10  
  194  14:04  Baneling, Zerg Ground Armor Level 3  
  194  14:06  Overlord  
  194  14:07  Zergling x2  
  195  14:15  Zergling x8  
  182  14:24  Zergling x26  
  182  14:25  Zergling x2  
  182  14:31  Zergling x2  
  192  14:33  Zergling x10  
  184  14:42  Zergling x12  
  190  14:46  Baneling  
  190  14:47  Baneling x5, Zergling x2  
  191  15:00  Zergling x10  
  191  15:01  Hatchery  
  191  15:02  Zergling x2  
  191  15:05  Zergling x6  
  193  15:10  Zergling x8  
  193  15:11  Zergling x2  
  197  15:16  Zergling x4  
  197  15:20  Baneling x13  
  199  15:31  Zergling x4  
  198  15:40  Hydralisk x7  
  200  15:47  Overlord  
  200  15:49  Viper  
  176  15:52  Zergling x10  
  176  15:56  Zergling x6  
  158  16:01  Zergling x4  
  133  16:04  Zergling x2  
  133  16:05  Zergling x2  
  133  16:09  Zergling x6  
  133  16:13  Zergling x2  
  133  16:15  Zergling x2  
  133  16:16  Zergling x8  
  139  16:19  Baneling x4  
  139  16:21  Zergling x6  
  139  16:23  Zergling x4  
  139  16:24  Drone  
  144  16:30  Drone x6  
  144  16:32  Drone  
  151  16:33  Zergling x2  
  152  16:40  Zergling x12  
  155  16:47  Zergling x8  
Show
View Real Time Build Order
Export as new Build Order

ByuN Terran 

Build Orders:  

Get SALT Encoding   

  12  0:00  SCV  
  13  0:15  Supply Depot  
  13  0:17  SCV  
  14  0:29  SCV  
  15  0:38  Barracks  
  15  0:41  SCV  
  16  0:44  Refinery  
  16  0:56  Barracks  
  16  0:59  SCV  
  17  1:12  SCV  
  18  1:26  Orbital Command, Reaper  
  19  1:33  Supply Depot  
  19  1:43  Reaper  
  20  1:52  SCV  
  21  2:03  Reaper  
  21  2:04  SCV  
  23  2:11  Command Center  
  23  2:16  SCV  
  23  2:22  Barracks Reactor  
  24  2:28  SCV  
  25  2:32  Barracks  
  25  2:36  Barracks Tech Lab  
  25  2:40  SCV  
  26  2:48  Supply Depot  
  26  2:52  SCV  
  26  2:55  Marine  
  28  3:02  Marine x2  
  28  3:04  SCV  
  31  3:07  Stimpack  
  31  3:16  SCV  
  31  3:19  Marine  
  31  3:20  Marine x2  
  31  3:21  Barracks Tech Lab  
  31  3:23  Orbital Command  
  34  3:28  SCV  
  35  3:37  Marine x2  
  35  3:38  Marine  
  38  3:41  SCV  
  38  3:42  Marine  
  38  3:44  Supply Depot  
  40  3:49  SCV  
  40  3:52  Combat Shield  
  40  3:55  Marine x2  
  41  3:56  Marine, SCV  
  41  3:58  Refinery  
  41  4:00  Marine  
  41  4:01  SCV  
  47  4:08  Supply Depot  
  47  4:09  SCV  
  48  4:13  SCV, Marine x3  
  52  4:18  Marine  
  53  4:26  SCV x2  
  53  4:28  Factory  
  53  4:31  Marine x3  
  55  4:32  Supply Depot  
  55  4:36  Marine  
  59  4:40  Engineering Bay  
  59  4:41  SCV x2  
  61  4:47  Refinery  
  61  4:49  Marine x3  
  64  4:53  SCV, Marine  
  64  4:54  SCV  
  67  5:00  Supply Depot  
  67  5:05  SCV  
  67  5:06  SCV  
  69  5:07  Terran Infantry Weapons Level 1  
  69  5:09  Marine x3  
  69  5:13  Starport  
  72  5:18  SCV x2  
  72  5:19  Barracks Reactor  
  70  5:30  SCV x2  
  70  5:31  Marine x2  
  70  5:32  Marine  
  72  5:38  Supply Depot  
  72  5:39  Refinery, Siege Tank  
  72  5:42  SCV  
  76  5:49  Marine x2  
  79  5:50  SCV, Marine  
  79  5:54  SCV  
  81  5:59  Medivac  
  81  6:00  Medivac, Barracks Reactor  
  85  6:07  Marine x3  
  64  6:19  Siege Tank  
  64  6:24  Command Center  
  64  6:25  Marine x3  
  70  6:34  Liberator x2  
  70  6:37  Marine x2  
  78  6:43  Barracks, Marine x2  
  78  6:45  SCV x2  
  78  6:46  Barracks  
  82  6:48  Marine  
  83  6:54  Marine  
  83  6:55  Marine  
  83  6:59  Supply Depot  
  83  7:00  Marine  
  83  7:01  Marine, Siege Tank, Terran Infantry Armor Level 1  
  90  7:06  SCV x2, Marine  
  93  7:15  Supply Depot  
  93  7:19  Marine  
  93  7:20  Marine x3  
  97  7:24  Marine  
  97  7:27  Medivac x2, Supply Depot  
  102  7:31  Barracks Reactor  
  102  7:35  Barracks Reactor  
  102  7:36  SCV, Marine  
  102  7:37  SCV  
  107  7:38  Marine x2  
  107  7:43  Supply Depot x2  
  110  7:48  Marine x2  
  107  7:54  Marine  
  107  7:56  Marine x2  
  109  8:04  Medivac  
  104  8:06  Marine x2, Medivac  
  104  8:08  Siege Tank  
  104  8:12  Marine  
  113  8:14  Marine x2  
  113  8:15  SCV x2  
  113  8:24  Marine x2  
  113  8:25  Marine x2  
  113  8:26  Marine  
  118  8:27  SCV  
  118  8:29  Armory  
  118  8:30  SCV, Marine  
  118  8:32  Marine x3  
  118  8:33  Orbital Command  
  121  8:36  Medivac  
  121  8:38  Engineering Bay  
  121  8:41  Siege Tank  
  126  8:42  SCV x2  
  126  8:44  Marine x3  
  131  8:52  Marine  
  131  8:58  Marine x2  
  131  8:59  Marine x3  
  131  9:02  Marine  
  134  9:03  Medivac  
  134  9:06  Medivac  
  141  9:13  Siege Tank  
  140  9:18  SCV  
  140  9:19  Terran Infantry Weapons Level 2  
  141  9:24  Terran Infantry Armor Level 2  
  141  9:26  Supply Depot x3  
  141  9:28  Marine  
  141  9:30  Marine x2  
  143  9:34  Marine x3  
  143  9:37  Marine x2  
  143  9:38  Marine  
  149  9:42  Terran Vehicle Weapons Level 1  
  149  9:47  Marine, Siege Tank, Supply Depot x2  
  149  9:48  Marine x2  
  155  9:56  Marine  
  156  10:02  Marine  
  150  10:10  Marine  
  150  10:11  Marine x4  
  154  10:15  Marine x2  
  154  10:19  Medivac x2  
  154  10:20  Siege Tank  
  162  10:21  Marine x2  
  162  10:22  Command Center  
  160  10:28  Marine x3  
  160  10:29  Marine  
  160  10:30  Marine  
  160  10:32  Marine  
  160  10:33  Marine  
  145  10:39  Marine x2  
  131  10:46  Marine x4  
  131  10:47  Marine  
  134  10:50  Marine x2  
  134  10:52  Siege Tank  
  134  10:57  Liberator x2, Marine x2, Refinery  
  139  11:04  Marine x3  
  143  11:06  Marine x2  
  143  11:08  Marine  
  149  11:15  Marine x3  
  146  11:22  Marine x3  
  146  11:24  Marine x2  
  146  11:25  Siege Tank  
  152  11:26  Marine  
  153  11:33  Marine x3  
  153  11:37  Terran Infantry Weapons Level 3  
  153  11:39  Marine  
  156  11:40  Marine x2, Medivac x2  
  156  11:42  Marine x2  
  156  11:44  Marine  
  166  11:50  Marine  
  166  11:51  Marine x2  
  151  11:57  Marine  
  151  11:58  Marine  
  151  11:59  Marine x2  
  151  12:00  Marine  
  153  12:02  Marine  
  153  12:04  Siege Tank  
  157  12:08  Marine  
  157  12:09  Marine x2  
  157  12:15  Marine  
  159  12:16  Marine  
  159  12:17  Marine x3  
  159  12:19  Marine  
  164  12:26  Marine x3  
  167  12:30  Terran Infantry Armor Level 3, Terran Vehicle Weapons Level 2  
  167  12:31  Medivac  
  167  12:33  Marine  
  167  12:34  Marine  
  167  12:37  Marine x4, Refinery  
  171  12:40  Factory  
  175  12:45  Marine x2  
  175  12:47  Marine  
  175  12:51  Marine  
  179  12:52  Marine  
  179  12:54  Marine  
  179  12:57  Marine  
  179  12:58  Marine x2  
  179  13:03  Marine x2  
  179  13:05  Marine  
  183  13:08  Marine  
  183  13:09  Marine  
  183  13:12  Marine, Siege Tank  
  189  13:13  Planetary Fortress  
  189  13:15  Marine  
  189  13:16  Marine x2  
  166  13:28  Marine  
  166  13:29  Marine x3  
  166  13:32  Marine x2  
  166  13:33  Marine  
  165  13:34  Marine  
  166  13:43  Medivac x2  
  166  13:45  Siege Tank  
  166  13:46  Factory Tech Lab  
  173  13:49  Marine x3  
  173  13:50  Marine  
  177  13:57  Marine  
  178  14:04  Marine x3  
  178  14:07  Marine  
  182  14:12  Marine  
  182  14:13  Marine  
  182  14:17  Marine, Siege Tank  
  187  14:18  Siege Tank  
  187  14:19  Marine x2  
  187  14:22  Marine  
  190  14:26  Marine  
  190  14:27  Marine x2  
  190  14:30  Marine  
  190  14:31  Marine  
  172  14:35  Marine  
  172  14:37  Marine x2  
  153  14:39  Marine  
  153  14:44  Marine x3  
  146  14:47  Marine  
  146  14:49  Marine, Siege Tank  
  146  14:50  Siege Tank  
  153  14:53  Marine  
  153  14:54  Marine  
  153  14:55  Marine  
  153  14:57  Marine  
  152  15:02  Marine x3  
  152  15:05  Marine  
  152  15:06  Marine  
  157  15:09  Barracks x2  
  157  15:10  Barracks  
  157  15:11  Marine  
  158  15:17  Medivac x2  
  158  15:19  Marine x2  
  158  15:21  Marine, Siege Tank  
  168  15:28  Marine  
  159  15:43  Marine x2  
  159  15:45  Marine x2  
  154  15:51  Marine  
  154  15:52  Marine  
  154  15:55  Marine  
  154  15:56  Marine x3  
  135  15:57  Siege Tank  
  135  15:58  Marine x2  
  135  16:01  Marine  
  135  16:02  Siege Tank  
  135  16:03  Marine  
  135  16:04  Marine  
  132  16:05  Medivac x2  
  132  16:06  Marine  
  132  16:09  Marine  
  122  16:11  Marine  
  122  16:13  Marine x2  
  122  16:14  Marine  
  122  16:17  Marine x3  
  129  16:19  Marine  
  129  16:21  Marine x2  
  129  16:23  Marine  
  129  16:26  Marine  
  129  16:29  Marine  
  129  16:31  Marine x2  
  129  16:32  Marine  
  134  16:35  Marine x3  
  134  16:36  Marine  
  134  16:39  Marine  
  137  16:42  Marine x2  
  137  16:44  Marine  
  139  16:47  Marine  
Tags
 
Add a new tag
Caveats
  • Supply blocks, unpowered buildings, or Contaminate may cause inaccurate times.
  • Supply counts are checked every 10 seconds.